 Dungeon Crawl Stone Soup version 0.28-a0-1002-gf00fe89 (webtiles) character file.

Game seed: 950186821441155085

9 Ayyar the Ruffian (level 2, -2/28 HPs)
             Began as an Ogre Transmuter on Dec 6, 2021.
             Slain by Terence (9 damage)
             ... on level 2 of the Dungeon.
             The game lasted 00:01:41 (1017 turns).

Ayyar the Ruffian (Ogre Transmuter)                 Turns: 1017, Time: 00:01:41

Health: -2/28      AC:  3    Str: 13    XL:     2   Next: 12%
Magic:  5/5        EV:  9    Int: 14    God:
Gold:   77         SH:  0    Dex:  9    Spells: 5/6 levels left

rFire   . . .      SeeInvis .     - Unarmed
rCold   . . .      Faith    .   (no shield)
rNeg    . . .      Spirit   .   a - +0 robe
rPois   .          Reflect  .   (helmet currently unavailable)
rElec   .          Harm     .   (no cloak)
rCorr   .          Rampage  .   (gloves unavailable)
Will    .....                   (boots unavailable)
Stlth   +.........              (no amulet)
HPRegen 0.09/turn               (no ring)
MPRegen 0.09/turn               (no ring)

@: appendages (expiring)
A: horns 2, talons 2, large, unfitting armour, tough skin 1
a: End Transformation


You were on level 2 of the Dungeon.
You had temporarily grown beastly horns and talons.
You visited 1 branch of the dungeon, and saw 2 of its levels.

You collected 77 gold pieces.

Inventory:

Armour
 a - a +0 robe (worn)
 c - a +0 leather armour
Scrolls
 b - a scroll of teleportation {unknown}


   Skills:
 + Level 1.8 Fighting
 + Level 1.9 Dodging
 + Level 2.8 Unarmed Combat
 + Level 2.6 Spellcasting
 + Level 1.9 Transmutations


You had 5 spell levels left.
You knew the following spells:

 Your Spells              Type           Power      Damage    Failure   Level
a - Beastly Appendage     Tmut           14%        N/A       10%         1

Your spell library contained the following spells:

 Spells                   Type           Power      Damage    Failure   Level
 Wereblood                Tmut           7%         N/A       16%         2
 Spider Form              Tmut/Pois      4%         N/A       41%         3
 Ice Form                 Ice/Tmut       4%         N/A       83%         4


Dungeon Overview and Level Annotations

Branches:
Dungeon (2/15)

Altars:

Annotations:
D:2 Terence


Innate Abilities, Weirdness & Mutations

You have temporarily grown beastly horns and talons.
You are too large for most types of armour.
You have tough skin. (AC +1)


Message History

Terence hits you with a +0 flail.
You hit Terence. Your kick misses Terence.
Terence is lightly wounded.
Terence misses you.
You completely miss Terence.
Terence is lightly wounded.
Terence completely misses you.
You barely miss Terence. You claw Terence, but do no damage.
Terence is lightly wounded.
Terence hits you with a +0 flail.
You hit Terence but do no damage.
Terence is lightly wounded.
Terence closely misses you.
You barely miss Terence. Your kick misses Terence.
Terence is lightly wounded.
Terence screams, "I want your blood!" Terence hits you with a +0 flail.
You hit Terence but do no damage.
Terence is lightly wounded.
Terence hits you with a +0 flail!
You hit Terence.
Terence is lightly wounded.
You hit Terence but do no damage.
Terence is lightly wounded.
Terence closely misses you.
You hit Terence.
Terence is moderately wounded.
Terence barely misses you.
You hit Terence. You claw Terence. You headbutt Terence.
Terence is almost dead.
Terence barely misses you.
You hit Terence but do no damage.
Terence is almost dead.
Your transformation is almost over.
Terence hits you with a +0 flail.
* * * LOW HITPOINT WARNING * * *
You closely miss Terence.
Terence is almost dead.
Terence hits you with a +0 flail!
You die...

.#########.######
#.# ♣### #.#####
♣..######.....#
♣..........##.#
♣#.##P.♣P.P♣
♣#.#..♣♣♣♣P♣
♣...P.♣ ♣♣
♣.@#..P♣
♣.@#>...P
♣..####.... ....
.#.# ##.## ##.#
#. # .. #.


You could see Terence.

Vanquished Creatures
  An endoplasm (D:2)
  A kobold (D:1)
  2 ball pythons
  A frilled lizard (D:2)
  3 goblins
  A rat (D:1)
9 creatures vanquished.

Vanquished Creatures (others)
  2 plants (D:2)
2 creatures vanquished.

Grand Total: 11 creatures vanquished

Notes
Turn   | Place    | Note
-------+----------+-------------------------------------------
     0 | D:1      | Ayyar the Ogre Transmuter began the quest for the Orb.
     0 | D:1      | Reached XP level 1. HP: 19/19 MP: 3/3
   818 | D:2      | Reached XP level 2. HP: 23/28 MP: 3/5
  1003 | D:2      | Noticed Terence
  1017 | D:2      | Slain by Terence

Illustrated notes

Levels and vault maps discovered:
D:1:      arrival_zaba_pyramid, layout_basic
D:2:      layout_loops_corners, serial_forest, infiniplex_forest_lined_2,
          infiniplex_forest_corner_2, infiniplex_forest_lined_2,
          infiniplex_forest_zigzag_1, infiniplex_forest_straight_3,
          infiniplex_forest_lined_2, infiniplex_forest_clump_long,
          infiniplex_forest_clump_diagonal, serial_shops, shop_coins,
          hellmonk_ecumenical_altar_pennies_from_heaven, item_on_display_a,
          uniq_terence

Action                   || total
-------------------------++-------
Melee: Unarmed           ||    34
       Kick              ||     5
       Headbutt          ||     1
 Cast: Beastly Appendage ||     7
Armor: Robe              ||     4
Dodge: Dodged            ||    16

Table legend: (Time is in decaauts)
 A = Elapsed time spent in this place.
 B = Non-inter-level travel time spent in this place.
 C = Inter-level travel time spent in this place.
 D = Time resting spent in this place.
 E = Time spent auto-exploring this place.
 F = Levels seen in this place.
 G = Mean time per level.
                   A        B        C        D        E       F      G
               +--------+--------+--------+--------+--------+-----+--------+
         Total |   1015 |    999 |     16 |      0 |    918 |   2 |  507.5 |
       Dungeon |   1015 |    999 |     16 |      0 |    918 |   2 |  507.5 |
               +--------+--------+--------+--------+--------+-----+--------+

Top non-repeatable levels by time:
     D:1: 699 daAuts
     D:2: 315 daAuts
